 Dungeon Crawl Stone Soup version 0.27.1-1-g398f81649c (webtiles) character file.

Game seed: 6895789970000658932

129 hawla the Sneak (level 4, -2/27 HPs)
             Began as a Deep Elf Delver on Sept 5, 2021.
             Slain by a hobgoblin (4 damage)
             ... on level 3 of the Dungeon.
             The game lasted 00:07:52 (3229 turns).

hawla the Sneak (Deep Elf Delver)                   Turns: 3229, Time: 00:07:54

Health: -2/27      AC:  3    Str:  7 (9)  XL:     4   Next: 88%
Magic:  7/7        EV: 12    Int: 15 (16) God:
Gold:   109        SH:  0    Dex: 14 (16) Spells: 2/5 levels left

rFire    . . .     SeeInvis .   k - +1 rapier
rCold    . . .     Faith    .   l - +0 buckler
rNeg     . . .     Spirit   .   d - +0 robe
rPois    .         Reflect  .   (no helmet)
rElec    .         Harm     .   (no cloak)
rCorr    .         Rampage  .   h - +0 pair of gloves
Will     .....                  (no boots)
Stlth    +.........             (no amulet)
HPRegen  0.09/turn              (no ring)
MPRegen  0.10/turn              (no ring)

@: confused, ambrosia-drunk
A: no striking features
a: no special abilities


You were on level 3 of the Dungeon.
You visited 1 branch of the dungeon, and saw 5 of its levels.

You collected 109 gold pieces.

Inventory:

Hand Weapons
 k - a +1 rapier (weapon)
Armour
 d - a +0 robe (worn)
 h - a +0 pair of gloves (worn)
 l - a +0 buckler (worn)
Wands
 g - a wand of digging (2)
Scrolls
 b - 2 scrolls of identify
 c - a scroll of fog
 e - a scroll of noise
 j - 2 scrolls of amnesia
Potions
 i - a potion of degeneration
 m - a potion of heal wounds {unknown}


   Skills:
 - Level 2.7 Fighting
 + Level 3.1 Short Blades
 - Level 2.9 Dodging
 - Level 7.3 Stealth
 + Level 1.0 Spellcasting
 * Level 0.5 Earth Magic


You had 2 spell levels left.
You knew the following spells:

 Your Spells              Type           Power      Damage    Failure   Level
a - Stone Arrow           Conj/Erth      2%         3d7       73%         3

Your spell library contained the following spells:

 Spells                   Type           Power      Damage    Failure   Level
 Magic Dart               Conj           0%         1d3       38%         1
 Searing Ray              Conj           0%         3d3       52%         2
 Sublimation of Blood     Necr           0%         N/A       52%         2
 Wereblood                Tmut           0%         N/A       52%         2
 Animate Armour           Summ/Erth      2%         N/A       98%         4
 Fulminant Prism          Conj/Hex       0%         3d6       99%         4
 Summon Hydra             Summ           0%         N/A       100%        7
 Lehudib's Crystal Spear  Conj/Erth      0%         10d2      100%        8


Dungeon Overview and Level Annotations

Branches:
Dungeon (5/15)
 Temple: D:4-7

Altars:
Trog


Message History

The kobold closely misses you.
You hit the kobold.
The kobold is severely wounded.
The hobgoblin misses you. The kobold hits you with a +0 club.
The hobgoblin closely misses you.
You hit the kobold.
You kill the kobold!
The hobgoblin hits you with a +0 rapier!
* * * LOW HITPOINT WARNING * * *
You are too injured to fight recklessly!
You are too injured to fight recklessly!
Unknown command.
As you read the scroll labelled XOCVOM IJON, it crumbles to dust.
You hear a loud clanging noise!
It was a scroll of noise.
You hear an angry hiss.
You hear a shout!
Something shouts, "Remove thy stench, thou warped dread-bolted clotpole!"
You hear an angry hiss.
You hear a shout! x2
You block the hobgoblin's attack.
It was a potion of curing.
You feel better. The kobold hits you with a +0 club.
The hobgoblin barely misses you.
You hit the kobold.
The kobold is moderately wounded.
The kobold hits you but does no damage.
The hobgoblin hits you with a +0 rapier!
* * * LOW HITPOINT WARNING * * *
It was a potion of ambrosia.
You are confused.
You feel invigorated. The kobold closely misses you.
The hobgoblin closely misses you.
You bump into the rock wall.
The kobold hits you with a +0 club.
The hobgoblin hits you with a +0 rapier!
* * * LOW HITPOINT WARNING * * *
It was a potion of degeneration.
There was something very wrong with that liquid.
You feel weakened.
You feel dopey.
You feel clumsy. The kobold hits you with a +0 club.
* * * LOW HITPOINT WARNING * * *
The hobgoblin hits you with a +0 rapier.
You die...

#.......## #.... ##........##
#.... #...#......## . ##....
##...##......## .. #.....
#...####†.....## ..# #.....
##...# ##......#...# #.....
#...## ##........# #.....
##...# ##.......# #..... #...##
##@K...## #..... ##...# ##g...#
#..... #...##.# #..## #.....
#)†.'..# #.'. #..... ##.#####
#### #####.##
#.######################.....#.
#........................######
########################.# #.#


You could see a hobgoblin and a kobold.

Vanquished Creatures
  A hound skeleton (D:5)
  4 adders
  An ufetubus (D:3)
  2 worms
  5 dart slugs
  2 orcs (D:3)
  4 ball pythons (D:1)
  5 endoplasms
  6 giant cockroaches
  6 goblins
  4 hobgoblins
  2 quokkas
  3 bats
  3 frilled lizards
  5 kobolds
  4 rats
57 creatures vanquished.

Vanquished Creatures (others)
  A fungus (D:2)
  3 plants (D:2)
4 creatures vanquished.

Grand Total: 61 creatures vanquished

Notes
Turn   | Place    | Note
-------+----------+-------------------------------------------
     0 | D:5      | hawla the Deep Elf Delver began the quest for the Orb.
     0 | D:5      | Reached XP level 1. HP: 13/13 MP: 3/3
    25 | D:5      | Reached XP level 2. HP: 13/18 MP: 4/4
   157 | D:4      | Noticed an ogre
   475 | D:1      | Reached XP level 3. HP: 19/22 MP: 5/5
  1107 | D:1      | Reached skill level 7 in Stealth
  1573 | D:2      | Found a bloodstained altar of Trog.
  1637 | D:2      | HP: 1/22 [poisoned by an adder]
  1654 | D:2      | Reached XP level 4. HP: 3/27 MP: 6/6
  1963 | D:2      | Reached skill level 1 in Spellcasting
  2463 | D:2      | Found a faded altar of an unknown god.
  2498 | D:3      | Learned a level 3 spell: Stone Arrow
  3229 | D:3      | Slain by a hobgoblin

Illustrated notes

Levels and vault maps discovered:
D:1:      sevenhm_arrival_forest_fort_small_5, layout_loops_corners
D:2:      layout_rooms, basic_altar, shapermc_ecumenical_altar_acropolis
D:3:      minmay_razor_zed, layout_basic, amcnicky_mini_corridor_feature,
          uniq_jessica
D:4:      layout_gridville, uniq_menkaure
D:5:      layout_loops_ring, makhleb_altar_promises_db,
          minmay_temple_entry_overgrown

Skill      XL: |  1  2  3  4 |
---------------+-------------+-----
Stealth        | 7 |  7.3
Spellcasting   | 1 |  1.0
Short Blades   | 3 |  3.1
Fighting       | |  2.7
Dodging        | |  2.9
Earth Magic    | |  0.5

Action                   |  1- 3 |  4- 6 || total
-------------------------+-------+-------++-------
Melee: Short sword       |     8 |       ||     8
       Rapier            |    59 |    84 ||   143
Evoke: Wand              |     8 |     3 ||    11
  Use: Scroll            |     4 |     1 ||     5
       Potion            |     1 |     3 ||     4
 Stab: Sleeping          |    15 |     3 ||    18
       Paralysed         |     3 |     3 ||     6
       Distracted        |     1 |       ||     1
Armor: Robe              |    12 |    13 ||    25
Dodge: Dodged            |    48 |    65 ||   113
Block: Buckler           |       |     4 ||     4
